 Dungeon Crawl Stone Soup version 0.30-a0-937-ga0a21ad780 (webtiles) character file.

Game seed: 10992606558574884088

25344 jasper the Skirmisher (level 12, -21/97 HPs)
             Began as a Demonspawn Hexslinger on Mar 24, 2023.
             Was a High Priest of Okawaru.
             Demolished by a two-headed ogre
             ... wielding a +0 giant club
              (23 damage)
             ... on level 2 of the Orcish Mines.
             The game lasted 00:22:55 (10682 turns).

jasper the Skirmisher (Demonspawn Hexslinger)      Turns: 10682, Time: 00:22:56

Health: -21/97     AC: 20    Str: 16    XL:     12   Next: 88%
Magic:  17/17      EV:  8    Int: 14    God:    Okawaru [*****.]
Gold:   957        SH:  4    Dex: 14    Spells: 9/13 levels left

rFire   + . .      SeeInvis .    f - +3 arbalest (drain)
rCold   + . .      Faith    .    (shield currently unavailable)
rNeg    . . .      Spirit   .    N - +1 chain mail {rPois}
rPois   +          Reflect  .    (helmet restricted)
rElec   .          Rampage  .    e - scarf {rC+ rF+}
rCorr   .                        v - +1 pair of gloves
Will    .....                    W - +0 pair of boots Stlth
                                 n - amulet of regeneration
HPRegen 1.16/turn                L - +4 ring of slaying
MPRegen 0.15/turn                Q - +4 ring of protection

@: no status effects
A: horns 2, large bone plates 1, spiny 3
a: Renounce Religion, Heroism, Finesse, Duel


You were on level 2 of the Orcish Mines.
You worshipped Okawaru.
Okawaru was extremely pleased with you.
You visited 4 branches of the dungeon, and saw 15 of its levels.
You also visited: Sewer.

You collected 957 gold pieces.

Inventory:

Hand Weapons
 f - a +3 arbalest of draining (weapon)
 r - a +4 shortbow of freezing
 t - a +2 longbow of flaming
 D - a +1 sling of electrocution
 K - a +0 arbalest
Missiles
 d - 4 javelins
 j - 6 poisoned darts
 x - 5 datura-tipped darts
 H - a curare-tipped dart
 V - 2 silver javelins
Armour
 a - a +1 plate armour of willpower
 e - a scarf of resistance (worn)
 k - a +1 chain mail of cold resistance
 v - a +1 pair of gloves (worn)
 N - a +1 chain mail of poison resistance (worn)
 S - a +1 cloak
 W - a +0 pair of boots (worn)
Jewellery
 c - a ring of ice
 n - an amulet of regeneration (around neck)
 y - a +6 ring of intelligence
 A - a ring of wizardry
 L - a +4 ring of slaying (left hand)
 P - a ring of magical power
 Q - a +4 ring of protection (right hand)
 R - an amulet of magic regeneration
 U - a +5 ring of evasion
Wands
 C - a wand of digging (5)
 E - a wand of flame (11)
 X - a wand of iceblast (6)
 Y - a wand of polymorph (1)
Scrolls
 b - a scroll of fog
 h - a scroll of silence
 i - 2 scrolls of teleportation
 w - 2 scrolls of fear
Potions
 g - a potion of attraction
 l - a potion of lignification
 m - 5 potions of curing
 o - a potion of cancellation
 p - 2 potions of ambrosia
 q - 3 potions of might
 z - a potion of magic
 B - 4 potions of mutation
 F - 2 potions of flight
 G - a potion of brilliance
 M - 2 potions of invisibility
Miscellaneous
 O - a lightning rod (4/4)


   Skills:
 + Level 10.1 Fighting
 * Level 14.7 Ranged Weapons
 + Level 9.2 Armour
 - Level 1.7 Dodging
 - Level 1.0 Spellcasting
 - Level 3.0 Hexes
 - Level 7.1 Invocations


You had 9 spell levels left.
You knew the following spells:

 Your Spells              Type           Power      Damage    Failure   Level
a - Slow                  Hex            36%        N/A       65%         1
b - Portal Projectile     Hex/Tloc       8%         N/A       99%         3

Your spell library contained the following spells:

 Spells                   Type           Power      Damage    Failure   Level
 Sting                    Tmut/Pois      0%         1d3       96%         1
 Cigotuvi's Dreadful Rot  Necr/Pois/Air  0%         N/A       99%         2
 Poisonous Vapours        Pois/Air       0%         N/A       99%         2
 Inner Flame              Hex/Fire       4%         N/A       99%         3
 Mephitic Cloud           Conj/Pois/Air  0%         N/A       100%        3
 Cause Fear               Hex            4%         N/A       100%        4
 Olgreb's Toxic Radiance  Pois           0%         N/A       100%        4
 Iskenderun's Battlesphe  Conj           0%         2d6       100%        5
 Iron Shot                Conj/Erth      0%         9d1       100%        6
 Spellforged Servitor     Conj/Summ      Unusable   N/A       N/A         7

Dungeon Overview and Level Annotations

Branches:
Dungeon (11/15)            Temple (1/1) D:6            Lair (1/5) D:11
    Orc (2/2) D:11            Elf (0/3) Orc:2         Sewer (visited)

Altars:
Ashenzari
Cheibriados
Fedhas
Gozag
Hepliaklqana
Kikubaaqudgha
Makhleb
Nemelex Xobeh
Okawaru
Qazlal
Ru
Sif Muna
Vehumet
Xom

Shops:
D:1 (

Annotations:
Lair:1 1 runed translucent door, Nergalle; Xycs's ghost, journeyman GnEE


Innate Abilities, Weirdness & Mutations

You have a pair of horns on your head.
You are partially covered in large bone plates. (SH +4)
You are completely covered in sharp spines.


Message History

Aim: a two-headed ogre, wielding a +0 giant club and a +0 giant spiked club (82% to hit)
You shoot a bolt. The bolt hits the two-headed ogre!!
The two-headed ogre is moderately wounded.
You hear some strange, mumbled words.
A bolt of magma appears from out of thin air!
The bolt of magma misses you.
Fire: f) +3 arbalest (drain)
Press: ? - help, Q - select action, (/) - cycle Shift-Dir - straight line, f/p - two-headed ogre
Aim: a two-headed ogre, wielding a +0 giant club and a +0 giant spiked club (moderately wounded, 82% to hit)
You shoot a bolt. The bolt hits the two-headed ogre.
The two-headed ogre is heavily wounded.
You hear some strange, mumbled words.
A bolt of magma appears from out of thin air!
The bolt of magma misses you.
You feel yourself slow down.
You hear some strange, mumbled words.
The two-headed ogre seems to speed up.
Something hits you but does no damage.
You regained 2 hp, and now have 91/97 hp.
Something hits you but does no damage. The two-headed ogre closely misses you.
You block the two-headed ogre's attack.
The two-headed ogre attacks as you move away!
The two-headed ogre hits you with a +0 giant club!
The two-headed ogre hits you with a +0 giant spiked club!
You take 23 damage, and have 70/97 hp.
MASSIVE DAMAGE!!
Something hits you!
Things that are here:
a +0 robe; a +0 dagger You take 11 damage, and have 59/97 hp.
The two-headed ogre attacks as you move away!
The two-headed ogre hits you with a +0 giant club!!
The two-headed ogre hits you with a +0 giant spiked club!
There is a stone staircase leading up, spattered with blood here.
You take 25 damage, and have 34/97 hp.
MASSIVE DAMAGE!!
Something hits you!
* * * LOW HITPOINT WARNING * * *
The two-headed ogre hits you with a +0 giant club!!
* * * LOW HITPOINT WARNING * * *
The two-headed ogre hits you with a +0 giant spiked club!!
You die...

........................
...............O........#
...........O...<.......##
............O............
...........O.[..)........
#.#......................
<.......#.............#.#
#........O...............
....#.)@[...............
. #..[)#...............
##.##....#....#....#. ##
........... #..........
##........ ....... ..#..


You could see 2 two-headed ogres and 3 ogres.

Vanquished Creatures
  Fannar (D:11)
  2 ogre magi (Orc:2)
  A boulder beetle (D:11)
  5 two-headed ogres
  Amaemon (D:10)
  A cyclops (D:7)
  An orc knight (D:11)
  Maurice (Orc:1)
  An orc sorcerer (Orc:2)
  An elephant (D:11)
  An orange demon (D:10)
  2 cane toads (Lair:1)
  2 unseen horrors
  A polar bear (Lair:1)
  3 trolls
  7 blink frogs (Lair:1)
  2 hornets
  3 wraiths
  A shadow (D:9)
  Sigmund (D:2)
  18 yaks
  5 wyverns
  A basilisk (D:11)
  A steam dragon (D:7)
  A warg (Orc:1)
  An acid dragon (D:10)
  6 water moccasins
  12 orc warriors
  6 ice beasts
  4 sky beasts
  7 black bears
  19 ogres
  3 centaurs
  8 wolves (Lair:1)
  A kobold brigand (D:6)
  A phantom (D:7)
  2 gnoll sergeants
  3 bullfrogs (D:7)
  2 scorpions
  5 wights (D:6)
  12 killer bees (D:9)
  6 howler monkeys
  4 jellies
  4 hounds
  2 gnoll boudas
  16 orc priests
  2 sleepcaps
  3 iguanas
  24 orc wizards
  A hell rat (Sewer)
  Robin (D:2)
  15 gnolls
  3 river rats (Sewer)
  4 adders
  2 white imps (D:7)
  4 ufetubi
  9 worms
  2 dart slugs
  58 orcs
  5 bats
  10 endoplasms
  7 giant cockroaches
  12 goblins
  8 hobgoblins
  5 jackals (D:4)
  3 kobolds
  7 quokkas
  6 ball pythons
  12 rats
391 creatures vanquished.

Notes
Turn   | Place    | Note
-------+----------+-------------------------------------------
     0 | D:1      | jasper the Demonspawn Hexslinger began the quest for the
                  | Orb.
     0 | D:1      | Reached XP level 1. HP: 15/15 MP: 2/2
    22 | D:1      | Reached skill level 2 in Ranged Weapons
    55 | D:1      | Gained mutation: You are partially covered in sharp spines.
                  | [demonic ancestry]
    55 | D:1      | Reached XP level 2. HP: 21/21 MP: 3/3
    86 | D:1      | Found Ysostropi's Weapon Boutique.
   197 | D:1      | Reached skill level 3 in Ranged Weapons
   319 | D:1      | Gained mutation: You have a pair of small horns on your
                  | head. [demonic ancestry]
   319 | D:1      | Reached XP level 3. HP: 26/26 MP: 4/4
   439 | D:2      | Noticed Sigmund
  1207 | D:4      | Reached skill level 4 in Ranged Weapons
  1207 | D:4      | Reached XP level 4. HP: 27/32 MP: 5/5
  1368 | D:5      | Entered Level 5 of the Dungeon
  1380 | D:5      | Noticed a black bear
  1385 | D:5      | Killed a black bear
  1386 | D:5      | Reached skill level 5 in Ranged Weapons
  1386 | D:5      | Gained mutation: You have a pair of horns on your head.
                  | [demonic ancestry]
  1386 | D:5      | Reached XP level 5. HP: 37/37 MP: 6/6
  1489 | D:5      | Gained mutation: You are partially covered in large bone
                  | plates. (SH +4) [demonic ancestry]
  1489 | D:5      | Reached XP level 6. HP: 33/43 MP: 7/7
  1494 | D:5      | Reached skill level 6 in Ranged Weapons
  1578 | D:5      | Identified the +5 spear of Qelerch {drain, rF+ Int+5 Dex-2}
  1674 | D:5      | Noticed a water moccasin
  1683 | D:5      | Killed a water moccasin
  1684 | D:5      | Reached skill level 7 in Ranged Weapons
  1684 | D:5      | Reached XP level 7. HP: 18/48 MP: 8/8
  1888 | D:5      | Found a glowing drain.
  1933 | Sewer    | Entered a sewer
  2033 | Sewer    | Identified a scroll of acquirement
  2033 | Sewer    | Acquired a +2 arbalest of draining
  2147 | D:5      | Reached skill level 1 in Armour
  2618 | D:6      | Reached skill level 8 in Ranged Weapons
  2689 | D:6      | Reached XP level 8. HP: 57/57 MP: 9/9
  3019 | D:6      | Reached skill level 9 in Ranged Weapons
  3437 | D:6      | Found a staircase to the Ecumenical Temple.
  3451 | D:6      | Reached XP level 9. HP: 56/66 MP: 10/10
  3452 | Temple   | Entered the Ecumenical Temple
  3509 | Temple   | Became a worshipper of Warmaster Okawaru
  3854 | D:2      | Killed Sigmund
  3939 | D:2      | Noticed Robin
  3941 | D:2      | Killed Robin
  4298 | D:4      | Learned a level 3 spell: Portal Projectile
  4925 | D:6      | Reached skill level 5 in Fighting
  4954 | D:6      | Reached skill level 10 in Ranged Weapons
  5014 | D:6      | Reached * piety under Okawaru
  5379 | D:7      | Reached skill level 5 in Armour
  5722 | D:7      | Reached ** piety under Okawaru
  5744 | D:7      | Gained mutation: You are mostly covered in sharp spines.
                  | [demonic ancestry]
  5744 | D:7      | Reached XP level 10. HP: 75/76 MP: 11/11
  5770 | D:7      | Noticed a cyclops
  5777 | D:7      | Killed a cyclops
  5778 | D:7      | Reached skill level 11 in Ranged Weapons
  6371 | D:8      | Reached *** piety under Okawaru
  6987 | D:9      | Reached skill level 1 in Invocations
  7244 | D:9      | Found a stormy altar of Qazlal.
  7290 | D:9      | Reached skill level 12 in Ranged Weapons
  7378 | D:9      | Reached **** piety under Okawaru
  7422 | D:10     | Entered Level 10 of the Dungeon
  7456 | D:10     | Reached XP level 11. HP: 84/84 MP: 13/13
  7854 | D:10     | Identified the +0 war axe "Yghilol" {heavy, rF- Int+5}
  8015 | D:10     | Found a burning altar of Makhleb.
  8187 | D:10     | Noticed Amaemon
  8198 | D:10     | Killed Amaemon
  8198 | D:10     | Received a gift from Okawaru
  8579 | D:11     | Found a staircase to the Orcish Mines.
  8716 | D:11     | Found a staircase to the Lair.
  8718 | D:11     | Noticed a boulder beetle
  8727 | D:11     | Reached skill level 5 in Invocations
  8740 | D:11     | Killed a boulder beetle
  8791 | D:11     | Reached ***** piety under Okawaru
  8952 | D:11     | Reached skill level 13 in Ranged Weapons
  9004 | D:11     | Noticed a two-headed ogre
  9008 | D:11     | Killed a two-headed ogre
  9207 | D:11     | Noticed Fannar
  9247 | D:11     | Killed Fannar
  9353 | Lair:1   | Entered Level 1 of the Lair of Beasts
  9448 | Lair:1   | Gained mutation: You are completely covered in sharp
                  | spines. [demonic ancestry]
  9448 | Lair:1   | Reached XP level 12. HP: 84/94 MP: 15/17
  9452 | Lair:1   | Received a gift from Okawaru
  9573 | Lair:1   | Found a runed translucent door.
  9574 | Lair:1   | Found a shimmering altar of Xom.
  9574 | Lair:1   | Noticed Xycs's ghost (journeyman GnEE)
  9857 | Lair:1   | Noticed Nergalle
  9976 | Orc:1    | Entered Level 1 of the Orcish Mines
 10093 | Orc:1    | Noticed Maurice
 10178 | Orc:1    | Killed Maurice
 10342 | Orc:2    | Entered Level 2 of the Orcish Mines
 10424 | Orc:2    | Reached skill level 14 in Ranged Weapons
 10547 | Orc:2    | Noticed an ogre mage
 10550 | Orc:2    | Paralysed by an ogre mage for 5 turns
 10560 | Orc:2    | Killed an ogre mage
 10570 | Orc:2    | Noticed an ogre mage
 10571 | Orc:2    | Noticed a two-headed ogre
 10575 | Orc:2    | Paralysed by something for 2 turns
 10581 | Orc:2    | Killed an ogre mage
 10581 | Orc:2    | Received a gift from Okawaru
 10582 | Orc:2    | Noticed a two-headed ogre
 10585 | Orc:2    | Killed a two-headed ogre
 10587 | Orc:2    | Killed a two-headed ogre
 10591 | Orc:2    | Found a staircase to the Elven Halls.
 10599 | Orc:2    | Noticed a two-headed ogre
 10601 | Orc:2    | Noticed an ogre mage
 10604 | Orc:2    | Killed a two-headed ogre
 10604 | Orc:2    | Noticed a two-headed ogre
 10605 | Orc:2    | Reached skill level 10 in Fighting
 10605 | Orc:2    | Noticed a two-headed ogre
 10606 | Orc:2    | Noticed a two-headed ogre
 10607 | Orc:2    | Noticed a two-headed ogre
 10607 | Orc:2    | Noticed an ogre mage
 10622 | Orc:2    | Killed a two-headed ogre
 10682 | Orc:2    | HP: 2/97 [two-headed ogre/+0 giant club (22)]
 10682 | Orc:2    | Demolished by a two-headed ogre

Illustrated notes

Levels and vault maps discovered:
D:1:      dpeg_arrival_orchard, layout_rooms, serial_shops,
          nicolae_shop_waterfront
D:2:      layout_basic, hangedman_decor_clover_reticule, lightli_corner_chamber,
          uniq_sigmund, uniq_robin
D:3:      layout_rooms
D:4:      layout_cave_pods, st_stairs_14
D:5:      layout_rooms, portal_sewer_entry_c, serial_rivers,
          chequers_serial_rivers_micro_b, chequers_serial_rivers_room_b,
          chequers_serial_rivers_micro_c, chequers_serial_rivers_large_a,
          chequers_serial_rivers_small_b, chequers_serial_rivers_room_a,
          nicolae_wormholes
D:6:      minmay_clustersquares, layout_basic, minmay_temple_entry_large_hall
D:7:      kennysheep_windowed_halls, layout_basic, st_stairs_10
D:8:      layout_cave_pools, chequers_serial_rivers_micro_b
D:9:      layout_gridville, mainiacjoe_overflow_catch_the_wave
D:10:     layout_long_grid, lightli_temple_of_fire, uniq_amaemon
D:11:     layout_loops_ring, david_lair_generic, orc_0_dummy, uniq_fannar
Temple:   compressed_dpeg_triangle_lava_temple
Lair:1:   layout_cave_pods, ebering_ghost_xom, grunt_megastairs_5,
          uniq_nergalle, uniq_joseph
Orc:1:    layout_caves, uniq_maurice
Orc:2:    st_orc_ogre_mass, layout_caves, serial_shops, bzr_entry_dummy,
          gammafunk_ghost_smash

Skill      XL: |  1  2  3  4  5  6  7  8  9 10 11 12 |
---------------+-------------------------------------+-----
Ranged Weapons | 2 3 4 5 7 8 9 10 12 13 14 | 14.7
Armour         | 2 3 5 6 7 9 |  9.2
Fighting       | 2 4 6 7 8 10 | 10.1
Invocations    | 3 6 7 |  7.1
Dodging        | |  1.7
Spellcasting   | |  1.0
Hexes          | |  3.0

Action                     |  1- 3 |  4- 6 |  7- 9 | 10-12 || total
---------------------------+-------+-------+-------+-------++-------
  Melee: Spear             |       |       |     6 |       ||     6
         Headbutt          |       |       |     1 |       ||     1
   Fire: Sling             |   109 |   111 |    45 |       ||   265
         Arbalest          |       |       |   245 |   443 ||   688
         Shortbow          |       |       |       |    50 ||    50
   Cast: Slow              |     1 |       |       |       ||     1
 Invoke: Heroism           |       |       |       |     7 ||     7
         Finesse           |       |       |       |     3 ||     3
  Evoke: Wand              |       |       |       |     2 ||     2
    Use: Scroll            |     5 |     3 |     8 |    17 ||    33
         Potion            |       |     2 |       |     4 ||     6
 Armour: Ring mail         |    10 |    16 |    41 |     4 ||    71
         Chain mail        |       |       |       |   211 ||   211
  Dodge: Dodged            |    21 |    34 |    62 |   119 ||   236
  Block: Other             |       |    11 |    26 |    69 ||   106

Table legend: (Time is in decaauts)
 A = Elapsed time spent in this place.
 B = Non-inter-level travel time spent in this place.
 C = Inter-level travel time spent in this place.
 D = Time resting spent in this place.
 E = Time spent auto-exploring this place.
 F = Levels seen in this place.
 G = Mean time per level.
                   A        B        C        D        E       F      G
               +--------+--------+--------+--------+--------+-----+--------+
         Total |  11168 |  10313 |    855 |   1209 |   6624 |  16 |  698.0 |
       Dungeon |   9866 |   9041 |    825 |   1131 |   5927 |  11 |  896.9 |
        Temple |     67 |     58 |      9 |      0 |     47 |   1 |   67.0 |
          Lair |    553 |    545 |      8 |      6 |    400 |   1 |  553.0 |
  Orcish Mines |    564 |    552 |     12 |     55 |    225 |   2 |  282.0 |
         Sewer |    115 |    115 |      0 |     17 |     25 |   1 |  115.0 |
               +--------+--------+--------+--------+--------+-----+--------+

Top non-repeatable levels by time:
     D:6: 1466 daAuts
     D:5: 1256 daAuts
    D:11: 1157 daAuts
    D:10: 1140 daAuts
     D:7: 935 daAuts
     D:4: 925 daAuts
     D:9: 795 daAuts
     D:3: 648 daAuts
     D:2: 607 daAuts
  Lair:1: 553 daAuts
     D:8: 483 daAuts
     D:1: 449 daAuts
   Orc:2: 290 daAuts
   Orc:1: 274 daAuts
   Sewer: 115 daAuts
